 Dungeon Crawl Stone Soup version 0.30.1-3-gfc49f6343a (webtiles) character file.

Game seed: 7181145872975659812

354 monsoonserge the Chopper (level 6, -7/52 (56) HPs)
             Began as a Hill Orc Fighter on Aug 5, 2023.
             Was an Initiate of Elyvilon.
             Mangled by a wight
             ... wielding a +0 battleaxe
              (11 damage)
             ... on level 3 of the Dungeon.
             The game lasted 00:05:14 (2638 turns).

monsoonserge the Chopper (Hill Orc Fighter)         Turns: 2638, Time: 00:05:15

HP:   -7/52 (56)    AC:  5    Str: 21    XL:     6   Next: 62%
MP:   7/7           EV: 11    Int:  8    God:    Elyvilon [......]
Gold: 136           SH:  4    Dex: 10    Spells: 5/5 levels left

rFire   . . .        u - +4 mace
rCold   . . .        c - +0 buckler
rNeg    . . .        h - +0 troll leather armour
rPois   .            (no helmet)
rElec   .            g - +0 cloak
rCorr   .            (no gloves)
SInv    .            (no boots)
Will    .....        (no amulet)
Stlth   +            (no ring)
HPRegen 1.08/turn    (no ring)
MPRegen 0.10/turn

%: no passive effects
@: drained
A: no striking features
a: Renounce Religion


You were on level 3 of the Dungeon.
You worshipped Elyvilon.
Elyvilon was noncommittal.
You visited 1 branch of the dungeon, and saw 4 of its levels.

You collected 136 gold pieces.

Inventory:

Hand Weapons
 u - a +4 mace (weapon)
Missiles
 e - 6 atropa-tipped darts
 p - 2 javelins (quivered)
 q - 5 poisoned darts
Armour
 c - a +0 buckler (worn)
 g - a +0 cloak (worn)
 h - a +0 troll leather armour (worn)
Jewellery
 m - a ring of wizardry
Scrolls
 f - a scroll of magic mapping {unknown}
 i - 2 scrolls of immolation {unknown}
 j - 2 scrolls of fear {unknown}
 l - 3 scrolls of identify {unknown}
 r - a scroll of enchant armour {unknown}
 s - a scroll of teleportation {unknown}
Potions
 b - 2 potions of heal wounds {unknown}
 d - 2 potions of might
 k - a potion of flight {unknown}
 n - 2 potions of curing {unknown}
 o - a potion of lignification {unknown}
 t - a potion of invisibility {unknown}


   Skills:
 + Level 5.1 Fighting
 - Level 5.7(5.8) Axes
 + Level 0.9(3.1) Maces & Flails
 + Level 0.1 Throwing
 + Level 3.8 Armour
 + Level 1.2 Dodging
 + Level 0.4 Stealth
 - Level 4.0 Shields
 * Level 2.3 Invocations


You had 5 spell levels left.
You didn't know any spells.
Your spell library was empty.

Dungeon Overview and Level Annotations

Branches:
Dungeon (4/15)
 Temple: D:4-7

Altars:
Elyvilon
Uskayaw


Message History

The wight is heavily damaged.
The wight barely misses you.
You hit the wight.
The wight is almost destroyed.
The wight hits you with a +0 great sword.
You hit the wight.
The wight is almost destroyed.
The wight closely misses you. x2
You hit the wight.
You destroy the wight!
Your life force feels restored.
Your Invocations skill increases to level 2!
Things that are here:
a +0 great sword; a +0 robe You start resting.
HP restored.
There is a stone staircase leading down, spattered with blood here.
You climb downwards.
There is a stone staircase leading up here.
Press: ? - help, v - describe, . - travel, g - get item
Here: a wight, wielding a +0 battleaxe and wearing a +0 robe
Items here: a +0 robe; a +0 trident.
The floor.
The wight hits you with a +0 battleaxe!
You feel drained.
The wight hits you from afar with a +0 halberd!
You feel drained.
You climb upwards.
There is a stone staircase leading down, spattered with blood here.
You barely miss the wight. The wight hits you with a +0 battleaxe!
* * * LOW HITPOINT WARNING * * *
You barely miss the wight. The wight barely misses you.
The wight hits you with a +0 battleaxe!
* * * LOW HITPOINT WARNING * * *
Unknown command.
Okay, then.
Okay, then.
You hit the wight but do no damage. The wight hits you with a +0 battleaxe.
* * * LOW HITPOINT WARNING * * *
You barely miss the wight. The wight hits you with a +0 battleaxe!
You die...

#.##...........##
#.##.##.#.......######
#.......#.............
#####.####.###.....####
#.......##.# ##...## #
#.###.#.##.####..## #.#
#<#.##.......# #.#
#[#z..######.# #.#
#.@.#.# ##'## #.#
###...# ##...## #.#
##..## ##.....##
#.####...# ##.......##
#........###.........##
####.......'.........'.
##.....##.........##
##.###.##.......## #.##
##.##(....##


You could see a wight.

Vanquished Creatures
  3 wights
  An orc priest (D:3)
  Natasha (thrice) (D:2)
  An orc wizard (D:3)
  An adder (D:2)
  A worm (D:3)
  2 dart slugs
  An orc (D:3)
  3 bats
  7 endoplasms
  5 giant cockroaches
  3 goblins
  6 hobgoblins
  4 kobolds
  2 ball pythons
  3 frilled lizards
  8 rats
54 creatures vanquished.

Notes
Turn   | Place    | Note
-------+----------+-------------------------------------------
     0 | D:1      | monsoonserge the Hill Orc Fighter began the quest for the
                  | Orb.
     0 | D:1      | Reached XP level 1. HP: 19/19 MP: 1/1
   247 | D:1      | Reached XP level 2. HP: 27/27 MP: 2/2
  1030 | D:2      | Reached XP level 3. HP: 27/33 MP: 3/3
  1083 | D:2      | Noticed Natasha
  1096 | D:2      | Killed Natasha
  1097 | D:2      | Reached XP level 4. HP: 22/40 MP: 4/4
  1124 | D:2      | Noticed Natasha
  1134 | D:2      | Killed Natasha
  1296 | D:2      | Noticed Natasha
  1302 | D:2      | Killed Natasha
  1303 | D:2      | Reached skill level 5 in Axes
  1303 | D:2      | Reached XP level 5. HP: 38/46 MP: 5/5
  1666 | D:3      | Found a hide-covered altar of Uskayaw.
  2394 | D:3      | Found a white marble altar of Elyvilon.
  2399 | D:3      | Became a worshipper of Elyvilon the Healer
  2439 | D:3      | Found a faded altar of an unknown god.
  2540 | D:4      | Reached skill level 1 in Dodging
  2556 | D:3      | Reached skill level 1 in Invocations
  2556 | D:3      | Reached XP level 6. HP: 15/54 MP: 6/6
  2602 | D:4      | Reached skill level 5 in Fighting
  2638 | D:3      | Mangled by a wight

Illustrated notes

Levels and vault maps discovered:
D:1:      lemuel_arrival_lava_pool, layout_basic
D:2:      layout_basic, serial_curves, eino_curves_01, eino_curves_01,
          eino_curves_04, uniq_natasha
D:3:      layout_loops_corners, mainiacjoe_overflow_alcove_2,
          eat_drink_and_be_merry_uskayaw, shapermc_ecumenical_altar_mp_highgroup
D:4:      layout_basic, kennysheep_generic_room_10

Skill      XL: |  1  2  3  4  5  6 |
---------------+-------------------+-----
Axes           | 3 4 5 |  5.7
Fighting       | 4 5 |  5.1
Dodging        | 1 |  1.2
Invocations    | 1 2 |  2.3
Shields        | 4 |  4.0
Maces & Flails | |  0.9
Throwing       | |  0.1
Armour         | |  3.8
Stealth        | |  0.4

Action                     |  1- 3 |  4- 6 || total
---------------------------+-------+-------++-------
  Melee: War axe           |    87 |    77 ||   164
         Mace              |       |    23 ||    23
  Throw: Javelin           |       |     3 ||     3
 Armour: Scale mail        |    19 |       ||    19
         Troll leather arm |    24 |    25 ||    49
  Dodge: Dodged            |    47 |    55 ||   102
  Block: Buckler           |    24 |    18 ||    42
